Map: Nightscape LE

Players

Radam

  • Race: Protoss Protoss
  • Spawn Location: 7:00

Fussoar

  • Race: Terran Terran
  • Spawn Location: 7:00

Massa - Winner!

  • Race: Terran Terran
  • League: Platinum
  • Spawn Location: 1:00

qqq - Winner!

  • Race: Protoss Protoss
  • League: Platinum
  • Spawn Location: 1:00

VOD

Have the link to the VOD?

Description

Time

  • Played on: Sept. 27, 2020, 8:35 a.m.
  • Length: 22:35
Show
View Real Time Build Order
Export as new Build Order

Radam Protoss 

Build Orders: Phoenix Opening, Carriers 

Get SALT Encoding   

  12  0:00  Probe  
  13  0:13  Probe  
  14  0:24  Pylon  
  14  0:25  Probe  
  15  0:42  Probe (Chrono Boost)  
  16  0:49  Assimilator  
  16  0:52  Probe (Chrono Boost)  
  16  0:55  Gateway  
  17  0:57  Probe (Chrono Boost)  
  17  1:01  Pylon  
  18  1:08  Probe  
  19  1:15  Forge  
  19  1:33  Probe  
  19  1:36  Assimilator  
  20  1:46  Probe, Zealot  
  23  1:48  Photon Cannon  
  23  2:01  Cybernetics Core  
  23  2:02  Probe  
  24  2:24  Pylon  
  24  2:28  Probe  
  25  2:33  Warp Gate (Chrono Boost)  
  25  2:35  Pylon  
  22  2:48  Stargate  
  22  2:52  Stargate  
  22  2:56  Stalker (Chrono Boost)  
  24  3:08  Photon Cannon  
  24  3:09  Probe  
  25  3:47  Probe  
  26  3:54  Phoenix x2  
  30  4:10  Gateway  
  30  4:12  Gateway  
  30  4:16  Pylon  
  30  4:28  Phoenix x2  
  34  4:47  Nexus  
  34  4:55  Stalker  
  34  4:56  Protoss Air Weapons Level 1 (Chrono Boost)  
  36  5:24  Phoenix  
  38  5:34  Probe  
  39  5:40  Phoenix  
  41  5:46  Probe  
  41  5:49  Phoenix  
  44  5:59  Probe  
  41  6:11  Probe  
  42  6:23  Phoenix x2  
  42  6:25  Probe (Chrono Boost)  
  43  6:30  Probe (Chrono Boost)  
  44  6:34  Pylon  
  44  6:37  Assimilator  
  46  6:40  Probe x2 (Chrono Boost)  
  46  6:41  Assimilator  
  46  6:45  Probe (Chrono Boost)  
  47  6:56  Probe  
  47  6:58  Photon Cannon  
  48  7:08  Probe, Zealot  
  48  7:09  Zealot x2  
  48  7:15  Protoss Shields Level 1  
  55  7:21  Probe (Chrono Boost), Fleet Beacon  
  57  7:32  Probe (Chrono Boost)  
  57  7:34  Probe (Chrono Boost)  
  58  7:37  Probe (Chrono Boost)  
  58  7:41  Probe  
  60  7:47  Probe  
  61  7:53  Probe  
  62  7:59  Probe, Stargate  
  62  8:02  Anion Pulse-Crystals (Chrono Boost), Pylon  
  64  8:05  Probe  
  64  8:11  Probe  
  65  8:19  Protoss Air Weapons Level 2 (Chrono Boost)  
  65  8:25  Phoenix  
  65  8:26  Phoenix  
  69  8:30  Nexus  
  69  8:34  Pylon  
  69  8:40  Probe  
  69  8:41  Probe  
  71  8:44  Phoenix  
  73  8:53  Probe x2  
  73  8:54  Phoenix x2  
  79  9:05  Probe  
  80  9:11  Phoenix  
  82  9:23  Carrier  
  88  9:28  Probe x2  
  90  9:34  Pylon  
  90  9:37  Pylon  
  90  9:41  Carrier  
  96  9:45  Probe  
  96  9:46  Pylon  
  96  9:52  Phoenix  
  99  9:57  Probe  
  92  10:10  Probe  
  91  10:17  Carrier  
  97  10:22  Probe  
  98  10:46  Protoss Air Weapons Level 3 (Chrono Boost)  
  82  11:05  Carrier  
  82  11:09  Assimilator  
  88  11:13  Probe (Chrono Boost), Assimilator  
  88  11:15  Pylon  
  88  11:17  Pylon  
  89  11:20  Photon Cannon  
  89  11:23  Probe (Chrono Boost), Photon Cannon  
  90  11:25  Stargate  
  90  11:28  Probe (Chrono Boost)  
  91  11:35  Zealot  
  91  11:36  Zealot x2  
  91  11:39  Probe  
  98  11:41  Nexus  
  98  11:51  Probe  
  99  12:03  Probe  
  99  12:05  Carrier x2  
  105  12:22  Phoenix  
  112  12:28  Phoenix  
  116  12:33  Nexus  
  116  12:36  Pylon  
  116  12:39  Pylon  
  116  12:40  Probe  
  116  12:41  Pylon  
  116  12:43  Pylon  
  117  12:47  Phoenix  
  119  12:52  Probe  
  119  12:53  Stargate  
  119  12:56  Stargate  
  119  12:57  Pylon  
  120  13:06  Twilight Council, Phoenix  
  122  13:13  Nexus  
  122  13:14  Pylon  
  122  13:17  Pylon  
  122  13:20  Pylon  
  122  13:23  Assimilator  
  122  13:25  Carrier (Chrono Boost)  
  122  13:27  Carrier (Chrono Boost), Assimilator  
  122  13:30  Pylon  
  132  13:34  Pylon  
  132  13:50  Phoenix x2 (Chrono Boost)  
  132  13:52  Phoenix (Chrono Boost)  
  138  14:04  Probe x4  
  138  14:08  Assimilator  
  142  14:12  Assimilator  
  142  14:16  Probe x2  
  128  14:41  Void Ray x5 (Chrono Boost)  
  128  14:42  Void Ray (Chrono Boost)  
  122  15:18  Void Ray x3  
  115  15:30  Void Ray x2  
  111  15:42  Void Ray, Flux Vanes  
  119  15:56  Probe (Chrono Boost)  
  120  16:00  Photon Cannon  
  120  16:06  Probe (Chrono Boost)  
  119  16:11  Probe (Chrono Boost)  
  120  16:19  Void Ray  
  120  16:20  Probe, Void Ray x2  
  120  16:22  Probe  
  134  16:34  Probe  
  135  16:43  Void Ray x2  
  135  16:46  Probe  
  144  16:58  Probe  
  145  17:02  Void Ray x2  
  145  17:03  Void Ray  
  149  17:29  Void Ray x3  
  153  17:39  Void Ray  
  153  17:42  Void Ray x2  
  165  18:06  Void Ray x2  
  165  18:07  Void Ray  
  155  18:22  Void Ray x2  
  115  18:41  Protoss Shields Level 2 (Chrono Boost)  
  115  18:48  Nexus  
  115  18:54  Pylon  
  115  18:57  Void Ray x3 (Chrono Boost), Pylon  
  127  19:15  Pylon  
  127  19:18  Pylon  
  127  19:21  Pylon  
  127  19:24  Void Ray  
  127  19:25  Pylon, Void Ray  
  127  19:28  Pylon  
  129  19:54  Nexus  
  129  19:55  Void Ray  
  129  19:56  Void Ray x2  
  141  20:16  Assimilator  
  141  20:19  Pylon  
  141  20:22  Photon Cannon  
  141  20:26  Void Ray x3  
  140  20:44  Void Ray  
  140  21:20  Void Ray (Chrono Boost)  
  140  21:21  Void Ray (Chrono Boost)  
  102  21:51  Void Ray (Chrono Boost)  
Show
View Real Time Build Order
Export as new Build Order

Fussoar Terran 

Build Orders:  

Get SALT Encoding   

  12  0:01  SCV  
  13  0:13  SCV  
  14  0:21  Supply Depot  
  14  0:25  SCV  
  15  0:43  SCV  
  15  0:45  Barracks  
  16  0:55  SCV  
  17  1:08  Barracks  
  17  1:18  Refinery  
  17  1:22  SCV  
  17  1:26  Barracks  
  17  1:34  Marine  
  17  1:39  Orbital Command  
  17  1:52  Marine  
  18  2:00  Bunker  
  18  2:06  Marine  
  18  2:10  Marine  
  18  2:12  Bunker  
  18  2:14  Marine  
  18  2:15  Supply Depot  
  20  2:36  SCV, Marine, Supply Depot  
  22  2:37  Barracks Tech Lab  
  22  2:58  Stimpack  
  22  3:02  Refinery, SCV  
  23  3:06  Marine  
  23  3:07  Marine x2  
  26  3:14  SCV  
  27  3:25  Supply Depot  
  27  3:26  SCV, Supply Depot  
  28  3:35  Factory  
  28  3:49  Marine  
  28  3:51  Marine x2  
  31  3:56  SCV  
  32  4:08  SCV  
  33  4:20  SCV  
  33  4:22  Marine x2  
  33  4:23  Marine, Command Center  
  37  4:32  SCV, Factory Tech Lab  
  38  4:40  Starport  
  38  4:48  SCV  
  39  4:56  Siege Tank  
  42  5:00  Marine  
  42  5:01  Marine x2  
  44  5:18  Marine x2  
  46  5:24  Combat Shield  
  46  5:25  Supply Depot  
  46  5:32  SCV  
  46  5:35  Medivac  
  50  5:42  SCV  
  50  5:45  SCV  
  51  5:55  SCV  
  46  6:12  Marine  
  46  6:13  Marine x2  
  39  6:27  Orbital Command  
  39  6:30  Marine x2  
  39  6:31  Marine  
  38  6:41  Command Center  
  38  6:48  Marine  
  38  6:49  Marauder  
  38  6:53  Barracks  
  41  6:54  Barracks  
  41  7:09  Starport Reactor  
  41  7:10  Siege Tank  
  41  7:11  Marine x2  
  41  7:12  Marine  
  41  7:13  SCV x2  
  49  7:23  Concussive Shells  
  49  7:25  SCV x2  
  49  7:29  Marine  
  52  7:30  Marine x2  
  54  7:37  SCV x2  
  54  7:42  Siege Tank  
  54  7:59  Marine x2, Medivac x2  
  54  8:00  Marine x3  
  54  8:05  SCV x2  
  62  8:13  Orbital Command  
  62  8:17  SCV, Marine x3  
  62  8:18  Marine x2  
  68  8:25  Siege Tank  
  71  8:30  Medivac x2  
  75  8:35  Marine  
  76  8:41  Marine  
  76  8:42  Barracks Reactor x2  
  76  8:43  Marine  
  78  8:49  Barracks x2  
  78  8:51  Engineering Bay  
  78  8:53  Engineering Bay, Marine  
  78  8:55  Refinery  
  79  8:56  SCV  
  79  8:57  Refinery, SCV  
  79  9:01  Siege Tank  
  84  9:04  Marine  
  85  9:24  Terran Infantry Weapons Level 1  
  85  9:25  Supply Depot  
  85  9:26  Terran Infantry Armor Level 1  
  85  9:27  Supply Depot  
  85  9:32  Armory  
  85  9:38  Missile Turret  
  85  9:46  Marine x4  
  85  9:47  Siege Tank  
  91  9:56  Marine  
  91  9:57  Marine x4  
  92  10:04  Marine x4  
  89  10:14  Marine x2  
  89  10:16  Marine x2  
  89  10:17  Marine  
  89  10:20  SCV x2  
  96  10:22  Marine x4  
  96  10:26  Missile Turret  
  100  10:32  Marine  
  77  11:00  Viking, Medivac  
  77  11:01  Marine x2  
  77  11:02  Barracks Reactor, Barracks Tech Lab, Marauder, Marine  
  77  11:03  Barracks Tech Lab, Marine  
  77  11:04  Marine  
  87  11:05  SCV x2  
  87  11:06  SCV  
  87  11:13  Siege Tank  
  90  11:19  Marine x3  
  90  11:21  SCV x3  
  90  11:23  Marauder  
  96  11:33  SCV x2  
  92  11:41  Command Center  
  87  12:14  Supply Depot  
  87  12:17  Supply Depot  
  87  12:18  Supply Depot  
  87  12:19  SCV, Marine  
  86  12:36  SCV x2, Marauder, Viking, Medivac  
  94  12:41  Refinery, Supply Depot  
  94  12:42  Refinery  
  94  12:48  SCV x2  
  96  12:52  Terran Infantry Weapons Level 2  
  96  12:53  Terran Infantry Armor Level 2  
  96  12:58  Marauder  
  98  13:00  SCV x2  
  98  13:05  Orbital Command  
  100  13:06  Medivac  
  100  13:12  SCV  
  103  13:19  Marauder  
  105  13:21  Marine x3  
  105  13:22  Marauder, Marine x4  
  105  13:23  Marauder  
  116  13:35  Command Center  
  116  13:39  Marine x3  
  116  13:40  Terran Ship Weapons Level 1  
  116  13:41  Marauder  
  121  13:44  Marauder x2  
  125  13:51  Marine, Siege Tank  
  125  13:52  Marine x2  
  125  13:55  Medivac  
  133  14:02  Supply Depot x2  
  133  14:05  Marauder x3, Viking  
  112  14:44  Marine  
  112  14:45  Marauder x3, Marine x4  
  119  14:46  Siege Tank  
  119  14:52  Viking x2  
  125  14:54  Marine x2  
  110  15:04  Marine x5  
  110  15:06  Marauder x2  
  117  15:07  Marauder  
  117  15:11  Marine  
  109  15:22  Viking, Medivac  
  109  15:23  Marine x2  
  109  15:28  Marauder  
  111  15:37  Marine x2  
  111  15:38  Marine  
  111  15:39  SCV  
  111  15:41  SCV  
  114  15:47  Orbital Command  
  114  15:52  Viking, Medivac  
  118  16:00  Terran Infantry Weapons Level 3  
  118  16:14  Refinery  
  118  16:16  Siege Tank  
  118  16:17  Marauder, Marine x4  
  118  16:18  Marine x4  
  130  16:22  Viking x2  
  135  16:37  Marine x7  
  135  16:38  Marine x3  
  145  16:50  SCV x4  
  145  16:52  Viking, Medivac  
  153  16:54  Marine x2  
  153  16:55  Marine  
  151  17:02  SCV x3  
  137  17:15  Command Center  
  121  17:17  Marine x3  
  121  17:18  Marine x3  
  121  17:19  Marine x4  
  121  17:22  Viking x2  
  130  17:35  Marine x4  
  134  17:38  Marauder x3, Marine x3  
  141  17:52  Medivac  
  141  17:53  Marine x4  
  141  17:58  Marine x3  
  148  17:59  Marauder x3  
  156  18:11  Marine  
  157  18:19  Viking  
  153  18:20  Marauder  
  153  18:21  Marauder  
  153  18:22  Viking  
  140  18:49  Viking  
  140  18:52  Viking  
  140  18:53  Marine x3  
  140  18:54  Marine x7  
  154  19:02  Planetary Fortress  
  154  19:09  Refinery  
  154  19:11  Marine x4  
  154  19:12  Marine x2  
  160  19:19  Viking  
  160  19:21  Medivac  
  161  19:39  Refinery  
  161  19:49  Viking  
  161  19:51  Medivac  
  165  19:54  Starport  
  165  20:16  Marauder x3, Marine x5  
  165  20:17  Marine x2  
  165  20:18  Command Center  
  165  20:19  Medivac, Supply Depot  
  180  20:21  Medivac  
  180  20:26  Siege Tank  
  182  20:33  Marine  
  183  20:37  Marauder  
  183  20:38  Marauder x2  
  189  20:49  Medivac  
  177  20:51  Medivac  
  162  20:58  Siege Tank  
  162  20:59  Marauder x2  
  155  21:10  Marauder, Marine x4  
  155  21:11  Marine x3  
  108  21:14  Starport Reactor  
  109  21:19  Medivac  
  109  21:20  Marauder x2  
  109  21:21  Viking  
  117  21:28  Marine x5  
  117  21:29  Marine x2  
  117  21:32  Marauder  
  126  21:42  Barracks x2, Marauder x2  
  126  21:45  Marine  
  126  21:46  Marine  
  132  21:49  Medivac  
  132  21:51  Medivac  
  132  21:53  Marauder  
  132  22:03  Marauder x2  
  118  22:09  Marine  
  118  22:10  Marine x4  
  118  22:11  Marine x2  
Show
View Real Time Build Order
Export as new Build Order

Massa Terran - Winner!

Build Orders: Gas First Reaper Expand 

Get SALT Encoding   

  12  0:00  SCV  
  13  0:12  SCV  
  14  0:22  Supply Depot  
  14  0:24  SCV  
  15  0:31  Refinery  
  15  0:43  SCV  
  15  0:45  Barracks  
  16  1:00  SCV  
  16  1:01  Refinery  
  17  1:12  SCV  
  18  1:24  SCV  
  19  1:32  Reaper  
  20  1:37  Orbital Command  
  20  1:52  Command Center  
  20  2:02  SCV  
  20  2:08  Reaper  
  22  2:11  Barracks  
  22  2:19  Supply Depot  
  22  2:27  SCV  
  23  2:38  Barracks  
  22  2:49  Reaper  
  23  2:57  SCV  
  24  3:07  Reaper  
  24  3:09  SCV  
  24  3:10  Orbital Command  
  26  3:21  Reaper, SCV  
  26  3:22  Engineering Bay  
  28  3:39  Reaper  
  28  3:40  Reaper  
  29  3:42  SCV  
  29  3:43  SCV  
  31  3:51  Command Center  
  31  3:53  Reaper  
  31  3:55  SCV x2, Missile Turret  
  34  4:06  Terran Infantry Weapons Level 1  
  34  4:07  SCV x2  
  36  4:11  Reaper  
  36  4:12  Reaper  
  38  4:17  Supply Depot  
  38  4:19  SCV  
  38  4:21  Supply Depot  
  39  4:24  Supply Depot  
  39  4:27  Factory  
  39  4:33  Missile Turret  
  39  4:38  Barracks Tech Lab  
  39  4:44  Barracks Reactor  
  39  4:56  Barracks Reactor  
  41  5:00  Marauder  
  41  5:03  SCV x2  
  41  5:05  Orbital Command  
  43  5:08  Refinery  
  41  5:15  SCV  
  41  5:16  Factory Tech Lab  
  41  5:21  Marauder  
  41  5:26  Missile Turret  
  41  5:32  Missile Turret  
  41  5:35  Bunker  
  41  5:36  Siege Tank  
  41  5:37  Marine  
  41  5:38  Marine x3  
  41  5:42  Marine  
  49  5:47  Bunker  
  49  5:55  Marine x2  
  49  5:56  Marine x2  
  51  6:00  Marine  
  51  6:01  Terran Infantry Armor Level 1  
  39  6:30  Marauder, Marine x4  
  44  6:37  Bunker  
  44  6:43  SCV x3  
  47  6:47  Marine  
  47  6:51  Marauder  
  50  6:55  SCV x3  
  50  6:57  Stimpack  
  53  7:04  Missile Turret  
  53  7:09  Missile Turret, Siege Tank  
  56  7:18  Supply Depot  
  56  7:29  Barracks  
  56  7:32  Starport  
  56  7:36  Barracks  
  56  7:37  Barracks, Armory  
  56  7:38  Missile Turret  
  56  7:41  Supply Depot  
  56  7:42  Missile Turret  
  56  8:04  Marauder, Marine, Supply Depot  
  56  8:05  Marine x3  
  62  8:12  Medivac  
  64  8:16  Siege Tank  
  67  8:22  Marine  
  67  8:23  Marine x3  
  67  8:24  Refinery  
  67  8:26  Marauder  
  73  8:35  Terran Vehicle Weapons Level 1  
  73  8:37  Armory  
  73  8:40  Marine x3  
  76  8:42  Orbital Command, Medivac, Combat Shield  
  76  8:47  Marauder  
  80  8:54  SCV  
  80  8:55  SCV  
  82  9:02  Barracks Reactor  
  82  9:04  Barracks Reactor, Barracks Tech Lab  
  82  9:06  SCV  
  82  9:07  SCV  
  84  9:14  SCV  
  85  9:19  SCV x2  
  87  9:26  SCV  
  87  9:29  Missile Turret  
  87  9:31  SCV x2, Missile Turret  
  89  9:35  Missile Turret  
  89  9:38  Refinery  
  90  9:39  Refinery  
  90  9:40  SCV  
  90  9:43  SCV x2  
  93  9:47  Command Center  
  93  9:49  Thor  
  93  9:51  Marine x4  
  93  9:52  SCV, Marine x5  
  109  9:53  Concussive Shells  
  109  10:02  Supply Depot x2  
  109  10:23  SCV x2, Marine x10  
  109  10:27  Supply Depot  
  121  10:32  Supply Depot  
  121  10:40  Factory  
  121  10:41  Marine x4  
  125  10:43  Factory, Marine x3  
  125  10:45  Marauder x2  
  125  10:48  Thor  
  123  10:50  Supply Depot  
  116  11:06  Marauder x2  
  120  11:25  SCV  
  120  11:26  SCV x2  
  120  11:27  Marauder  
  120  11:28  Marauder  
  120  11:31  Thor  
  133  11:38  SCV x3  
  112  11:50  SCV x3  
  109  11:57  Marauder  
  109  11:58  Marauder, Marine  
  109  11:59  Marine x6  
  109  12:00  Marine  
  121  12:02  SCV x2  
  121  12:03  Starport Reactor  
  121  12:07  Factory Tech Lab x2  
  123  12:13  Thor  
  129  12:16  Marine  
  129  12:17  Marine x2  
  129  12:19  Marauder x2  
  121  12:29  Missile Turret  
  121  12:30  Missile Turret  
  121  12:33  Missile Turret  
  121  12:34  Thor x2  
  133  12:37  Orbital Command  
  133  12:40  SCV x3, Marauder x2  
  140  12:52  SCV x2  
  140  12:53  SCV  
  140  12:56  Thor  
  149  13:02  Marauder x2  
  149  13:04  SCV  
  149  13:05  SCV  
  155  13:14  Refinery  
  155  13:16  Refinery  
  155  13:17  Thor  
  161  13:23  Marauder  
  161  13:24  Missile Turret  
  163  13:27  Command Center  
  163  13:30  Supply Depot  
  163  13:33  Supply Depot x4  
  163  13:34  Terran Vehicle And Ship Armor Level 1, Supply Depot x2  
  163  13:35  Terran Vehicle Weapons Level 2, Supply Depot  
  163  13:38  Terran Infantry Armor Level 2, Supply Depot  
  163  13:44  Missile Turret  
  163  13:45  Smart Servos  
  163  13:47  Drilling Claws  
  163  13:51  Medivac x2  
  163  13:52  Marauder  
  163  13:54  Thor, Supply Depot  
  175  13:57  Supply Depot x2  
  175  13:58  Engineering Bay, Supply Depot  
  175  13:59  Supply Depot  
  175  14:02  Supply Depot x2  
  175  14:04  Missile Turret  
  175  14:11  Marauder, Marine  
  175  14:12  Marine x4  
  175  14:13  Marauder  
  184  14:20  Marine x2  
  184  14:21  Marine, Medivac  
  189  14:24  Missile Turret  
  189  14:29  Marine  
  189  14:30  Marine  
  186  14:32  Marauder  
  186  14:35  Marauder  
  168  14:44  Missile Turret  
  158  14:52  Marine  
  158  14:53  Marine x7  
  158  14:54  Marauder  
  158  14:55  Thor  
  158  14:56  Marauder  
  174  15:04  Missile Turret  
  174  15:10  Marine  
  174  15:11  Marine x7  
  155  15:15  Marauder  
  155  15:17  Marauder  
  129  15:28  Marine  
  118  15:29  Marine x7  
  118  15:31  Thor x2  
  130  15:37  Marauder, Thor  
  130  15:39  Marauder  
  140  15:46  Marine x2  
  140  15:47  Orbital Command  
  142  15:50  SCV x4  
  146  15:58  Marauder  
  146  16:00  Marauder  
  146  16:02  SCV  
  146  16:03  SCV x3  
  154  16:06  Terran Vehicle And Ship Armor Level 2  
  154  16:07  Terran Vehicle Weapons Level 3  
  154  16:08  Terran Infantry Weapons Level 2  
  154  16:09  Terran Infantry Armor Level 3  
  154  16:11  Mag-Field Accelerator  
  154  16:12  Infernal Pre-Igniter  
  154  16:14  SCV, Thor x2  
  154  16:15  SCV x2, Marine x7  
  154  16:16  Marine  
  177  16:19  Marauder  
  177  16:22  Marauder  
  181  16:33  Marine x3  
  181  16:39  Missile Turret  
  184  16:40  Thor  
  184  16:41  Marauder  
  184  16:42  Missile Turret x2  
  184  16:43  Marauder, Missile Turret x2  
  184  16:44  Missile Turret  
  193  16:57  Thor  
  194  17:03  Missile Turret  
  194  17:04  Missile Turret  
  194  17:05  Missile Turret  
  171  17:14  Marauder x2  
  171  17:15  Marine x8  
  153  17:22  Thor  
  134  17:32  Marine  
  134  17:33  Marine x7, Medivac x2  
  134  17:35  Marauder  
  134  17:36  Marauder  
  150  17:38  Missile Turret x2  
  150  17:39  SCV x2  
  150  17:40  SCV, Missile Turret  
  153  17:50  Marine  
  153  17:51  Marine x7  
  156  17:57  Marauder x2  
  163  18:03  Medivac  
  159  18:08  Marine x3  
  159  18:09  Marine x5  
  155  18:17  Orbital Command  
  155  18:18  Marauder x2  
  151  18:26  Marine x3  
  141  18:28  Terran Infantry Weapons Level 3  
  141  18:30  Terran Vehicle And Ship Armor Level 3  
  115  18:38  Thor x3  
  115  18:40  Marauder x2  
  124  18:43  SCV x2  
  124  18:44  SCV  
  126  19:01  Marauder x2  
  130  19:16  Marine x4  
  134  19:17  Marine x3  
  134  19:21  Thor x3  
  134  19:22  Marauder x2  
  159  19:44  Marauder x2  
  163  20:05  Marauder  
  165  20:08  Marauder, Marine  
  165  20:09  Marine x7, Thor  
  165  20:10  Thor x2  
  187  20:26  Marauder, Marine  
  187  20:27  Marine x2  
  185  20:29  Marauder  
  187  20:46  Missile Turret  
  187  20:48  Marauder  
  174  20:51  Marauder  
  174  20:52  Thor  
  178  20:58  Thor  
  178  20:59  Thor  
  178  21:00  Marine  
  191  21:05  Missile Turret  
  191  21:09  Marauder  
  193  21:12  Marauder  
  195  21:25  Missile Turret  
  195  21:43  Command Center  
  195  21:45  Missile Turret  
  179  22:05  Missile Turret  
  157  22:10  Marauder x2  
  157  22:11  Marine x3  
Show
View Real Time Build Order
Export as new Build Order

qqq Protoss - Winner!

Build Orders: Cannon Rush, Carriers 

Get SALT Encoding   

  12  0:00  Probe  
  13  0:13  Pylon  
  13  0:18  Probe  
  14  0:30  Probe  
  15  0:38  Forge  
  15  0:43  Probe  
  16  0:57  Pylon  
  16  1:04  Pylon  
  16  1:26  Photon Cannon  
  16  1:44  Photon Cannon  
  16  1:47  Photon Cannon  
  15  2:26  Probe  
  16  2:33  Gateway  
  16  2:35  Assimilator  
  16  2:38  Probe  
  16  2:39  Nexus  
  17  2:50  Probe  
  18  2:51  Assimilator  
  18  3:02  Probe  
  19  3:14  Probe  
  20  3:24  Cybernetics Core  
  20  3:27  Probe (Chrono Boost)  
  21  3:36  Probe (Chrono Boost)  
  22  3:41  Probe (Chrono Boost)  
  23  3:53  Probe x2  
  25  4:05  Probe  
  25  4:06  Probe  
  27  4:17  Probe  
  27  4:18  Probe  
  29  4:25  Stargate  
  29  4:29  Stargate  
  29  4:30  Probe x2 (Chrono Boost)  
  31  4:35  Pylon  
  31  4:42  Probe x2 (Chrono Boost)  
  33  4:49  Probe x2 (Chrono Boost)  
  35  4:56  Probe x2  
  37  5:08  Probe x2, Phoenix (Chrono Boost)  
  41  5:17  Phoenix (Chrono Boost)  
  41  5:20  Probe x2  
  45  5:24  Photon Cannon  
  45  5:32  Probe  
  45  5:34  Pylon, Assimilator  
  46  5:38  Assimilator  
  46  5:41  Pylon  
  46  5:51  Phoenix x2 (Chrono Boost)  
  46  5:52  Probe x2  
  52  6:04  Probe x2  
  52  6:09  Protoss Air Weapons Level 1  
  52  6:16  Probe, Phoenix  
  53  6:28  Phoenix  
  53  6:29  Probe  
  56  6:41  Probe  
  56  6:43  Phoenix  
  59  6:53  Phoenix  
  61  7:00  Pylon  
  61  7:02  Pylon  
  61  7:04  Nexus x2  
  61  7:06  Pylon  
  61  7:07  Pylon  
  61  7:09  Pylon  
  61  7:13  Pylon  
  61  7:15  Pylon  
  62  7:18  Phoenix  
  62  7:20  Probe  
  64  7:27  Photon Cannon  
  64  7:29  Photon Cannon  
  64  7:31  Photon Cannon  
  64  7:33  Phoenix  
  64  7:34  Photon Cannon  
  66  7:38  Photon Cannon  
  66  7:43  Phoenix  
  56  8:01  Probe  
  57  8:11  Pylon  
  57  8:14  Probe  
  57  8:15  Photon Cannon  
  57  8:17  Photon Cannon  
  58  8:20  Photon Cannon  
  58  8:23  Photon Cannon  
  58  8:26  Probe  
  59  8:29  Phoenix  
  59  8:31  Probe x2  
  63  8:38  Probe  
  64  8:43  Probe  
  64  8:46  Probe  
  66  8:50  Probe  
  66  8:55  Probe  
  68  8:57  Photon Cannon  
  68  8:58  Probe  
  68  9:02  Probe  
  70  9:07  Probe  
  70  9:09  Protoss Air Armor Level 1 (Chrono Boost)  
  71  9:10  Probe  
  71  9:14  Probe, Fleet Beacon  
  71  9:16  Stargate  
  73  9:19  Probe, Phoenix  
  73  9:22  Probe  
  77  9:31  Probe  
  77  9:34  Probe  
  79  9:44  Probe  
  80  9:46  Probe  
  81  9:59  Probe  
  74  10:11  Probe  
  74  10:12  Carrier x2, Phoenix  
  69  10:23  Probe  
  69  10:27  Assimilator  
  70  10:31  Assimilator  
  70  10:35  Probe  
  71  10:40  Carrier  
  77  10:47  Probe  
  76  10:59  Probe  
  76  11:00  Probe  
  78  11:06  Nexus  
  78  11:08  Pylon  
  78  11:12  Probe, Pylon  
  78  11:15  Tempest, Pylon  
  78  11:16  Tempest  
  89  11:22  Nexus  
  89  11:24  Probe  
  89  11:25  Pylon  
  90  11:26  Pylon  
  90  11:28  Pylon  
  90  11:31  Pylon  
  90  11:36  Probe  
  91  11:44  Tempest  
  96  11:48  Probe  
  95  11:58  Tempest  
  95  11:59  Carrier  
  100  12:12  Photon Cannon  
  100  12:15  Photon Cannon  
  94  12:26  Photon Cannon  
  94  12:27  Carrier  
  94  12:28  Photon Cannon  
  94  12:29  Photon Cannon  
  100  12:30  Photon Cannon  
  100  12:32  Photon Cannon x2  
  100  12:34  Photon Cannon  
  100  12:35  Shield Battery  
  100  12:36  Shield Battery  
  100  12:37  Probe  
  100  12:41  Tempest  
  106  12:49  Probe  
  106  12:50  Protoss Air Weapons Level 2 (Chrono Boost)  
  107  13:01  Probe  
  107  13:03  Tempest  
  114  13:05  Probe  
  113  13:13  Probe  
  113  13:17  Probe  
  115  13:22  Mothership (Chrono Boost)  
  115  13:24  Carrier  
  115  13:25  Probe  
  130  13:29  Probe  
  130  13:31  Robotics Facility  
  131  13:36  Photon Cannon  
  131  13:38  Probe  
  132  13:42  Probe  
  133  13:55  Probe (Chrono Boost)  
  134  13:59  Tempest  
  134  14:01  Pylon  
  134  14:02  Tempest  
  145  14:12  Probe (Chrono Boost)  
  145  14:18  Probe  
  142  14:29  Carrier  
  142  14:30  Probe  
  142  14:45  Tempest x2  
  152  15:14  Protoss Air Armor Level 2 (Chrono Boost)  
  140  15:28  Carrier x2  
  132  15:49  Carrier  
  112  16:06  Probe  
  112  16:09  Photon Cannon  
  113  16:12  Photon Cannon  
  113  16:14  Photon Cannon  
  113  16:15  Shield Battery  
  113  16:18  Probe, Nexus  
  114  16:19  Pylon  
  114  16:22  Pylon  
  114  16:25  Pylon  
  114  16:28  Photon Cannon  
  114  16:30  Probe, Photon Cannon  
  114  16:32  Photon Cannon, Carrier x2  
  127  16:39  Stargate  
  127  16:41  Stargate  
  127  16:42  Probe  
  127  16:46  Photon Cannon  
  128  16:50  Photon Cannon  
  128  16:53  Photon Cannon, Carrier  
  134  16:54  Probe  
  121  17:36  Observer, Carrier  
  133  17:37  Carrier x2  
  133  17:44  Assimilator  
  131  17:45  Zealot  
  131  17:48  Assimilator  
  133  17:57  Observer  
  134  18:04  Carrier  
  140  18:12  Zealot  
  131  18:39  Zealot  
  133  18:46  Carrier x2  
  145  19:06  Zealot  
  147  19:13  Carrier  
  153  19:33  Zealot  
  133  19:50  Carrier x3  
  145  19:57  Observer  
  146  20:00  Zealot  
  146  20:04  Tempest  
  153  20:18  Immortal  
  157  20:27  Zealot  
  153  20:46  Nexus  
  153  20:47  Pylon  
  153  20:49  Pylon  
  151  20:52  Pylon  
  144  21:00  Zealot  
  144  21:01  Carrier x2  
  136  21:04  Pylon  
  136  21:06  Pylon  
  136  21:09  Pylon  
  135  21:11  Pylon  
  116  21:20  Photon Cannon  
  116  21:22  Photon Cannon  
  116  21:25  Photon Cannon  
  116  21:27  Photon Cannon, Zealot  
  116  21:29  Photon Cannon x2  
  116  21:32  Photon Cannon x2  
  118  21:34  Photon Cannon  
  118  21:36  Shield Battery x2  
  118  21:38  Shield Battery x2  
Tags
 
Add a new tag
Caveats
  • Supply blocks, unpowered buildings, or Contaminate may cause inaccurate times.
  • Supply counts are checked every 10 seconds.